[Event "Live Chess"]
[Site "Chess.com"]
[Date "2023.05.21"]
[Round "-"]
[White "Olisingapore"]
[Black "ThatGuyNamedJeff"]
[Result "1-0"]
[WhiteElo "1809"]
[BlackElo "1572"]
[TimeControl "300"]
[EndTime "17:55:56 PDT"]
[Termination "Olisingapore won by resignation"]

1. d4 Nf6 2. c4 g6 3. g3 d5 4. Bg2 Bg7 5. Nf3 c5 6. O-O O-O 7. Nc3 dxc4 8. dxc5 Qa5 9. Ne5 Qxc5 10. Nf3 b5 11. Nd2 Nc6 12. Nce4 Nxe4 13. Nxe4 Qb6 14. Be3 Qc7 15. Bf4 e5 16. Be3 Bb7 17. Nc5 a6 18. Qd7 Qxd7 19. Nxd7 Rfc8 20. Nb6 Rab8 21. Nxc8 Rxc8 22. Rfd1 Rc7 23. Bb6 Re7 24. Bxc6 Bxc6 25. Bc5 Rd7 26. Rxd7 Bxd7 27. Rd1 1-0

[Event "Live Chess"]
[Site "Chess.com"]
[Date "2023.05.21"]
[Round "-"]
[White "gmnorfolk"]
[Black "manthanit"]
[Result "1-0"]
[WhiteElo "2126"]
[BlackElo "1047"]
[TimeControl "300"]
[EndTime "17:55:57 PDT"]
[Termination "gmnorfolk won by checkmate"]

1. d4 e6 2. c4 d5 3. Nc3 Bb4 4. a3 Bxc3+ 5. bxc3 dxc4 6. e4 Nf6 7. e5 Nd5 8. Qc2 b6 9. Bxc4 Bb7 10. Nf3 c5 11. O-O O-O 12. dxc5 bxc5 13. Rb1 Ba6 14. Rxb8 Rxb8 15. Bxa6 f6 16. exf6 Nxf6 17. Bc4 Rb6 18. Ng5 Kh8 19. Nxe6 Rxe6 20. Bxe6 Qd6 21. Bh3 Re8 22.
Be3 h6 23. c4 Rd8 24. Qg6 Qd1 25. g3 Qh5 26. Qxh5 Nxh5 27. Bxc5 Nf6 28. Bxa7 Ne4 29.
Be3 Nd6 30. c5 Nc4 31. c6 Nxe3 32. fxe3 Rd3 33. c7 Rxe3 34. c8=Q+ Kh7 35. Bf5+ g6 36. Bxg6+ Kxg6 37. Qf5+ Kg7 38. Qf6+ Kg8 39. Qg6+ Kh8 40. Rf8# 1-0

[Event "Live Chess"]
[Site "Chess.com"]
[Date "2023.05.21"]
[Round "-"]
[White "KeithArkell"]
[Black "garyjc"]
[Result "1-0"]
[WhiteElo "2605"]
[BlackElo "1036"]
[TimeControl "300"]
[EndTime "17:56:02 PDT"]
[Termination "KeithArkell won by resignation"]

1. d4 Nf6 2. Nf3 g6 3. c4 Bg7 4. Nc3 O-O 5. g3 c6 6. Bg2 Na6 7. O-O d6 8. e4 e5 9. dxe5 dxe5 10. Qxd8 Rxd8 11. Nxe5 Nc5 12. Be3 b6 13. Nxc6 Re8 14. e5 Nfd7 15. Ne7+ Kh8 16. Bxa8 Rxe7 17. f4 Nd3 18. Nd5 Re8 19. b3 Ba6 20. Bc6 Rd8 21. Rad1 Nb2 22. Rd2 Nb8 23. Bb5 Bxb5 24. cxb5 a6 25.
Bxb6 Rd7 26. Rb1 axb5 27. Rbxb2 1-0

[Event "Live Chess"]
[Site "Chess.com"]
[Date "2023.05.21"]
[Round "-"]
[White "Baturin_Yevgeniy"]
[Black "ShanthamGrarks"]
[Result "0-1"]
[WhiteElo "1806"]
[BlackElo "2020"]
[TimeControl "300"]
[EndTime "17:56:03 PDT"]
[Termination "ShanthamGrarks won on time"]

1. d4 e6 2. Nf3 f5 3. c4 c6 4. Nc3 Nf6 5. Bg5 Be7 6. Qc2 O-O 7. Bxf6 Bxf6 8. e4 fxe4 9. Nxe4 d5 10. Nxf6+ Qxf6 11. Bd3 g6 12. h4 Na6 13. a3 Nc7 14. h5 g5 15. Bxh7+ Kh8 16. Ne5 dxc4 17. Ng6+ Kxh7 18. Nxf8+ Kg7 19. Qg6+ Qxg6 20. Nxg6 Nb5 21. O-O-O Bd7 22.
Ne5 Be8 23. h6+ Kh7 24. Nxc4 Bg6 25. Ne5 Bf5 26. g4 Be4 27. f3 Bd5 28. Kc2 Rf8 29. Rd3 Rf4 30. Rh5 Nxd4+ 31. Rxd4 Rxd4 32. Nf7 Rf4 33. Nxg5+ Kh8 34. h7 Bxf3 35. Nxe6 Be4+ 36. Kc3 Rxg4 37. Nd8 Bxh7 38. Nf7+ Kg7 39. Ng5 Bg6 40. Ne6+ Kf6 0-1

[Event "Live Chess"]
[Site "Chess.com"]
[Date "2023.05.21"]
[Round "-"]
[White "LiamBellwood"]
[Black "alanmike75"]
[Result "1/2-1/2"]
[WhiteElo "2038"]
[BlackElo "1566"]
[TimeControl "300"]
[EndTime "17:56:06 PDT"]
[Termination "Game drawn by repetition"]

1. d4 d5 2. Nc3 e6 3. Bf4 Bd6 4. e3 Nf6 5. Nf3 b6 6. Bd3 Bb7 7. Bxd6 cxd6 8. a4 O-O 9. O-O Ne4 10. Nd2 Nxc3 11. bxc3 Nc6 12. c4 Nb4 13. Be2 Rc8 14. c3 Nc6 15. cxd5 exd5 16. Bf3 Ne7 17. Qb3 Qc7 18.
Rac1 Ba6 19. Rfd1 Bc4 20. Qb4 Qd7 21. Nb1 Rc7 22. Na3 Rfc8 23. Rd2 Rc6 24. Be2 Bxe2 25.
Rxe2 R6c7 26. Nb5 Rc6 27. Na3 g6 28. Rec2 R6c7 29. Nb5 Rc6 30. Na3 R6c7 31. c4 dxc4 32. Rxc4 Nd5 33. Qb3 Rxc4 34. Rxc4 Rxc4 35. Qxc4 Qc7 36.
e4 Qxc4 37. Nxc4 Nc3 38. a5 bxa5 39. Nxa5 Nxe4 40. f3 Nc3 41. Kf2 Kf8 42. Ke3 Ke7 43. Nc6+ Ke6 44. Nxa7 Kd5 45. Nc8 Nd1+ 46. Kd3 Nb2+ 47.
Kc3 Na4+ 48. Kd3 Nb2+ 49. Ke3 Nc4+ 50. Kd3 Nb2+ 1/2-1/2

[Event "Live Chess"]
[Site "Chess.com"]
[Date "2023.05.21"]
[Round "-"]
[White "Missedidea"]
[Black "domrobson"]
[Result "1-0"]
[WhiteElo "1843"]
[BlackElo "1733"]
[TimeControl "300"]
[EndTime "17:57:35 PDT"]
[Termination "Missedidea won by resignation"]

1. d4 Nf6 2. c4 e6 3. Nc3 d5 4.
Bg5 c6 5. e3 Nbd7 6. Nf3 Qa5 7.
Nd2 dxc4 8. Bxf6 Nxf6 9. Nxc4 Qd8 10. Qc2 Bd6 11. Bd3 Bb8 12. h3 h5 13. O-O-O Bd7 14.
g4 hxg4 15. hxg4 Rxh1 16. Rxh1 Ke7 17. g5 Nd5 18. a3 b5 19. Ne5 Bxe5 20. dxe5 Qc7 21.
Nxd5+ exd5 22. Qc5+ Ke6 23. f4 g6 24. Be2 f5 25. Rh6 Be8 26. Bh5 1-0

[Event "Live Chess"]
[Site "Chess.com"]
[Date "2023.05.21"]
[Round "-"]
[White "LutherSullivan"]
[Black "EdenHazard8"]
[Result "1-0"]
[WhiteElo "2125"]
[BlackElo "1983"]
[TimeControl "300"]
[EndTime "17:57:42 PDT"]
[Termination "LutherSullivan won on time"]

1. e4 c5 2. Nf3 Nc6 3. c3 g6 4. d4 cxd4 5. cxd4 d5 6. e5 Bg4 7. Nbd2 e6 8. h3 Bxf3 9. Nxf3 Nge7 10. Bd3 Nf5 11. Qa4 Bb4+ 12. Bd2 Bxd2+ 13. Kxd2 Qb6 14. Rac1 1-0

[Event "Live Chess"]
[Site "Chess.com"]
[Date "2023.05.21"]
[Round "-"]
[White "GEMdzq"]
[Black "LanceMaster23"]
[Result "0-1"]
[WhiteElo "2269"]
[BlackElo "1927"]
[TimeControl "300"]
[EndTime "17:57:57 PDT"]
[Termination "LanceMaster23 won by checkmate"]

1. e4 c5 2. d4 cxd4 3. c3 d3 4. Bxd3 Nc6 5. Bc4 Qc7 6. Nf3 Nf6 7. Qe2 d6 8. h3 a6 9. O-O e6 10. Bg5 Be7 11. Nbd2 b5 12. Bb3 Bb7 13. Rac1 O-O 14. c4 b4 15. Bf4 e5 16. Be3 Na5 17. Bc2 Rac8 18. b3 Nc6 19. Bb1 a5 20. Rfd1 Nd8 21.
Bg5 Ne6 22. Nf1 Nc5 23. Ng3 g6 24. Rd2 Rfd8 25. Rcd1 a4 26. Qe3 axb3 27. axb3 Ra8 28. Nh2 Ra3 29. Bc2 Ba6 30. Ng4 Nxg4 31. hxg4 Bxc4 32. Bxe7 Qxe7 33. Qxc5 dxc5 34. Rxd8+ Kg7 35. bxc4 Rc3 36. R1d7 Qe6 37. Bd3 b3 38. Ne2 Rxd3 39.
Rxd3 Qxc4 40. Nc3 b2 41. Kh2 Qxc3 42. Rxc3 b1=Q 43. f3 Qb4 44. Rc2 Qe1 45. Rdd2 Qe3 46.
Re2 Qf4+ 47. Kg1 h5 48. gxh5 gxh5 49. Rxc5 h4 50. Kf2 Qg3+ 51. Kf1 h3 52. gxh3 Qxh3+ 53. Rg2+ Kf6 54. Kf2 Qh4+ 55. Ke2 Qf4 56. Rc2 Ke6 57.
Rd2 f5 58. Kd1 fxe4 59. fxe4 Qxe4 60. Rge2 Qb1# 0-1

[Event "Live Chess"]
[Site "Chess.com"]
[Date "2023.05.21"]
[Round "-"]
[White "Tushinskiy"]
[Black "raminguy"]
[Result "1-0"]
[WhiteElo "2165"]
[BlackElo "1940"]
[TimeControl "300"]
[EndTime "17:58:14 PDT"]
[Termination "Tushinskiy won by resignation"]

1. d4 d5 2. c3 Nf6 3. Nf3 e6 4. Bf4 c5 5. Bg3 cxd4 6. cxd4 Nc6 7. e3 Bb4+ 8. Nbd2 O-O 9. Bd3 Bd6 10. O-O Re8 11.
Rc1 e5 12. dxe5 Nxe5 13. Nxe5 Bxe5 14. Nf3 Bxg3 15. hxg3 Bg4 16. Qb3 Qb6 17. Qxb6 axb6 18. a3 Rac8 19. Nd4 Bh5 20. Rfe1 Bg6 21. Bxg6 hxg6 22.
Kf1 Kf8 23. Ke2 Rc5 24. b4 Rc4 25. Rxc4 dxc4 26. Rc1 Rc8 27. f3 Ke7 28. e4 Nd7 29. f4 Ra8 30. Rc3 Rg8 31. Rxc4 Ra8 32. Rc3 Nf6 33.
Kf3 Kd8 34. Nb5 Rc8 35. Rd3+ Ke7 36. e5 Nd7 37. g4 f6 38. exf6+ gxf6 39. Nd6 Rc7 40. Nb5 Rc8 41. g3 g5 42. Nd6 Rc6 43.
Nf5+ Ke8 44. Nd6+ Ke7 45. Nxb7 Rc1 46. Nd6 Rf1+ 47. Kg2 Ra1 48. Nf5+ Ke6 49. Re3+ Kf7 50. Re7+ 1-0

[Event "Live Chess"]
[Site "Chess.com"]
[Date "2023.05.21"]
[Round "-"]
[White "KGreenGator"]
[Black "xx_blindpuffin_xx"]
[Result "0-1"]
[WhiteElo "1801"]
[BlackElo "2198"]
[TimeControl "300"]
[EndTime "17:58:42 PDT"]
[Termination "xx_blindpuffin_xx won by resignation"]

1. c4 e6 2. Nc3 f5 3. d4 Nf6 4. Nf3 Be7 5. Bd2 O-O 6. e3 d6 7. Bd3 Nc6 8. a3 e5 9. dxe5 dxe5 10. Bc2 e4 11. Ng1 Ne5 12. b3 Be6 13. Nge2 c6 14.
Nd4 Qc8 15. Nxe6 Qxe6 16. O-O Rad8 17. Qe2 Bd6 18. Na4 b5 19. cxb5 cxb5 20. Qxb5 Bb8 21.
Bc3 Nfg4 22. b4 Nf3+ 23. gxf3 Qh6 24. Bb3+ Kh8 25. Bxg7+ Kxg7 26. Qb7+ Kh8 0-1

[Event "Live Chess"]
[Site "Chess.com"]
[Date "2023.05.21"]
[Round "-"]
[White "Cimon"]
[Black "Long1968"]
[Result "1-0"]
[WhiteElo "1854"]
[BlackElo "1111"]
[TimeControl "300"]
[EndTime "17:59:11 PDT"]
[Termination "Cimon won on time"]

1. e4 e6 2. d4 d5 3. Nc3 Bb4 4. e5 c5 5. h4 cxd4 6. Qxd4 Nc6 7. Bb5 Qa5 8. Bxc6+ bxc6 9. Ne2 Ba6 10. Bg5 Bxe2 11.
Kxe2 c5 12. Qf4 Bxc3 13. bxc3 Qxc3 14. Qd2 Qxe5+ 15. Kf3 Qe4+ 16. Kg3 Nf6 17. Rhe1 Qg4+ 18. Kh2 Ne4 19. Qe3 Nxg5 20. hxg5 h6 21. gxh6 Rxh6+ 22. Kg1 Ke7 23. Qxc5+ Kf6 24. Rab1 Rah8 25. Qc3+ 1-0

[Event "Live Chess"]
[Site "Chess.com"]
[Date "2023.05.21"]
[Round "-"]
[White "garyjc"]
[Black "alanmike75"]
[Result "0-1"]
[WhiteElo "1035"]
[BlackElo "1567"]
[TimeControl "300"]
[EndTime "17:59:12 PDT"]
[Termination "alanmike75 won - game abandoned"]

1. e4 e5 2. Nf3 d6 3. d4 exd4 4. Nxd4 Nf6 5. Nc3 Be7 6. Bb5+ c6 7. Be2 O-O 8. Bf4 d5 9. e5 Ne8 10. Qd2 a6 0-1

[Event "Live Chess"]
[Site "Chess.com"]
[Date "2023.05.21"]
[Round "-"]
[White "wot-not"]
[Black "Conradical12"]
[Result "0-1"]
[WhiteElo "1541"]
[BlackElo "1637"]
[TimeControl "300"]
[EndTime "17:59:14 PDT"]
[Termination "Conradical12 won by resignation"]

1. e4 e5 2. f4 exf4 3. Nf3 g5 4.
Bc4 h6 5. O-O Bg7 6. d4 d6 7. c3 Ne7 8. Qb3 O-O 9. h4 g4 10.
Nh2 Nec6 11. Bxf4 Qxh4 12. Nd2 g3 13. Nhf3 Qxf4 14. Rfe1 a5 15. Kf1 a4 16. Qc2 Na5 17. Bd3 c5 18. d5 Nd7 19. Qxa4 Ne5 20. Be2 Qe3 0-1

[Event "Live Chess"]
[Site "Chess.com"]
[Date "2023.05.21"]
[Round "-"]
[White "Olisingapore"]
[Black "manthanit"]
[Result "1-0"]
[WhiteElo "1809"]
[BlackElo "1047"]
[TimeControl "300"]
[EndTime "17:59:17 PDT"]
[Termination "Olisingapore won by checkmate"]

1. d4 e6 2. c4 d5 3. g3 c6 4. Bg2 Nf6 5. Nf3 Bd6 6. O-O Bd7 7. Qc2 O-O 8. Nfd2 e5 9. dxe5 Bxe5 10. cxd5 cxd5 11.
Nc3 Be6 12. Nf3 Bc7 13. Rd1 Ba5 14. Bg5 Bxc3 15. Qxc3 Qb6 16. Nd4 Nbd7 17. Bxf6 Nxf6 18. Nxe6 fxe6 19. Rac1 Ne4 20. Bxe4 dxe4 21. Rd7 Qxf2+ 22.
Kh1 Qxe2 23. Qxg7# 1-0

[Event "Live Chess"]
[Site "Chess.com"]
[Date "2023.05.21"]
[Round "-"]
[White "OceanFloater"]
[Black "sanjesh_ananda"]
[Result "0-1"]
[WhiteElo "1015"]
[BlackElo "1349"]
[TimeControl "300"]
[EndTime "17:59:19 PDT"]
[Termination "sanjesh_ananda won by checkmate"]

1. e4 e5 2. Nf3 Nc6 3. Bb5 Nf6 4.
Bxc6 dxc6 5. Nxe5 Qd4 6. Nf3 Nxe4 7. Qe2 Qd5 8. Nc3 Qe6 9. d3 Nxc3 10. Qxe6+ fxe6 11. bxc3 Bd6 12. O-O O-O 13. Re1 Bd7 14. d4 Rf5 15. Ne5 Bxe5 16. dxe5 Raf8 17. Ba3 R8f7 18.
f3 b6 19. Rad1 c5 20. Kf2 g5 21. g4 Rf4 22. Kg3 Rxf3+ 23. Kg2 Bc6 24. Kg1 R7f4 25. Rd8+ Kg7 26. h3 Rxh3 27. Bc1 Rh1# 0-1

[Event "Live Chess"]
[Site "Chess.com"]
[Date "2023.05.21"]
[Round "-"]
[White "Doge_Dandolo"]
[Black "Hussamalhaidar"]
[Result "1-0"]
[WhiteElo "1930"]
[BlackElo "1091"]
[TimeControl "300"]
[EndTime "17:59:32 PDT"]
[Termination "Doge_Dandolo won by checkmate"]

1. Nf3 Nc6 2. e4 b6 3. Bc4 Bb7 4.
d4 e6 5. Nc3 Na5 6. Bd3 c5 7.
dxc5 Bxc5 8. Qe2 Nc6 9. Be3 Bb4 10. Bd2 Nf6 11. a3 Be7 12. O-O O-O 13. Rae1 d5 14.
e5 Ng4 15. h3 Nh6 16. Bxh6 gxh6 17. Qe3 Kh8 18. Qxh6 Nd4 19. Qxh7# 1-0

[Event "Live Chess"]
[Site "Chess.com"]
[Date "2023.05.21"]
[Round "-"]
[White "CheckThis4"]
[Black "domrobson"]
[Result "1-0"]
[WhiteElo "2513"]
[BlackElo "1733"]
[TimeControl "300"]
[EndTime "17:59:32 PDT"]
[Termination "CheckThis4 won by resignation"]

1. d4 Nf6 2. Nc3 e6 3. e4 d5 4. e5 Nfd7 5. f4 c5 6. Nf3 Nc6 7. Be3 a6 8. Qd2 Qb6 9. Na4 Qb4 10.
Nxc5 Bxc5 11. dxc5 Qxb2 12. Rd1 Qb4 13. c3 Qe4 14.
Bd3 Qa4 15. O-O O-O 16. Bc2 Qxa2 17. Bxh7+ Kh8 18. Qxa2 1-0

[Event "Live Chess"]
[Site "Chess.com"]
[Date "2023.05.21"]
[Round "-"]
[White "1600x"]
[Black "Biranidun"]
[Result "1-0"]
[WhiteElo "1872"]
[BlackElo "2600"]
[TimeControl "300"]
[EndTime "17:59:33 PDT"]
[Termination "1600x won on time"]

1. e4 c5 2. Nf3 d6 3. d4 cxd4 4. c3 Nf6 5. cxd4 Nxe4 6. Bd3 d5 7. O-O Nf6 8. Nbd2 Nc6 9. Nb3 Bg4 10. Bg5 e6 11. h3 Bxf3 12. Qxf3 Be7 13. Rfd1 O-O 14.
Qg3 Kh8 15. Qh4 g6 16. Nc5 Ng8 17. Nxb7 Qc7 18. Nc5 Bxg5 19. Qxg5 Nxd4 20. Rac1 Qe7 21. Qe3 Nf5 22. Bxf5 gxf5 23. Re1 Rfc8 24. Nd3 Nf6 25. Qd4 Kg8 26. Ne5 Ne4 27. f3 Nd6 28. Qf4 Rxc1 29.
Rxc1 Rc8 30. Qg3+ Kf8 31. Rxc8+ Nxc8 32. Qf4 Nb6 33. Qh6+ Kg8 34. Qf4 f6 35. Nd3 Nc4 36. b3 Nd6 37. Qg3+ Kh8 38. Nf4 d4 39. Qh4 Kg8 40. g4 fxg4 41. Qxg4+ Kf7 42. Qh4 Ke8 43. Qh5+ Kd7 44. Qc5 Nf5 45. Qxa7+ Ke8 46. Qa8+ Kf7 47.
Qh8 Qd6 48. Qxh7+ Ke8 49. Qg8+ Kd7 50. Qf7+ Ne7 51. Qxf6 d3 52. Nxd3 Qxd3 53. a4 Qxb3 54. Qd4+ Nd5 55. Kf2 Qa2+ 56. Kg3 Qb1 57. h4 Qg6+ 58.
Kf2 Ke7 59. Qc5+ Kf6 60. a5 Qh6 61. Qd4+ Kf7 62. a6 Qc1 63. a7 Qc2+ 64. Kg3 Qg6+ 65. Qg4 Qxg4+ 66. fxg4 Nc7 67. Kf4 Kf6 68. g5+ Ke7 69.
h5 Kf7 70. Ke5 Kg7 71. g6 1-0

[Event "Live Chess"]
[Site "Chess.com"]
[Date "2023.05.21"]
[Round "-"]
[White "chessfiction"]
[Black "worldchessleaguelive"]
[Result "1-0"]
[WhiteElo "2347"]
[BlackElo "1362"]
[TimeControl "300"]
[EndTime "17:59:34 PDT"]
[Termination "chessfiction won on time"]

1. e4 d5 2. d4 dxe4 3. f3 exf3 4. Nxf3 Nf6 5. Bc4 e6 6. O-O Be7 7. Ne5 Nbd7 8. Nxf7 Kxf7 9. Qh5+ g6 10. Qh3 Nb6 11.
Bd3 e5 12. Qg3 Qxd4+ 13. Be3 Qxb2 14. Nd2 Bf5 15. Bxf5 gxf5 16. Rab1 Qxc2 17. Qxe5 Rad8 18. Rbc1 Qxa2 19. Rxc7 Rhe8 20. Rxf5 Qe6 21. Rxb7 Qxe5 22. Rxe5 Nbd5 23. Bxa7 Kg6 24. Nf3 Rd7 25. Rxd7 Nxd7 26.
Rxd5 Nf6 27. Rg5+ Kf7 28. Bd4 Rg8 29. Rf5 Ke6 30. Re5+ Kf7 31. h3 Rd8 32. Ng5+ Kg6 33. Ne6 Rd6 34. Bf2 Rd1+ 35. Re1 Rxe1+ 36. Bxe1 Kf5 37.
Nd4+ Ke4 38. Nf3 Bc5+ 39. Bf2 Bxf2+ 40. Kxf2 Nh5 41. Ng5+ 1-0

[Event "Live Chess"]
[Site "Chess.com"]
[Date "2023.05.21"]
[Round "-"]
[White "Jo1ts"]
[Black "grillage"]
[Result "0-1"]
[WhiteElo "820"]
[BlackElo "1802"]
[TimeControl "300"]
[EndTime "17:59:40 PDT"]
[Termination "grillage won by resignation"]

1. d4 Nf6 2. Bf4 e6 3. Nf3 b6 4.
e3 Bb7 5. Nbd2 Be7 6. Bd3 O-O 7. c3 d6 8. Qc2 h6 9. Bg3 Nbd7 10. h4 Nh5 11. Bh2 c5 12. g4 Nhf6 13. g5 Nh5 14. gxh6 gxh6 15. Rg1+ Kh8 16. dxc5 Nxc5 17. Bh7 f5 18.
Bg6 Nf6 19. Nc4 Bxf3 20. Rg3 Be4 21. O-O-O Bxc2 0-1

[Event "Live Chess"]
[Site "Chess.com"]
[Date "2023.05.21"]
[Round "-"]
[White "ClassyChameleon"]
[Black "WelshTiger"]
[Result "0-1"]
[WhiteElo "1114"]
[BlackElo "2351"]
[TimeControl "300"]
[EndTime "18:00:02 PDT"]
[Termination "WelshTiger won by resignation"]

1. e4 c5 2. Nc3 d6 3. Bc4 e6 4. Nf3 a6 5. O-O b5 6. Be2 Nf6 7. d4 b4 8. Na4 Nxe4 9. dxc5 Nxc5 10. Nxc5 dxc5 11. Qxd8+ Kxd8 12. Ne5 Ke8 13. Bf4 f6 14. Ng4 e5 15. Be3 Nc6 16. Bf3 Bd7 17. Rad1 Rc8 18.
h4 Nd4 19. Bxd4 cxd4 20. h5 Rxc2 21. Rb1 Be7 22. Be4 Rc7 23. Nh2 f5 24. Bd3 a5 25. f4 e4 26. Ba6 d3 27. Rfd1 Bc5+ 28. Kh1 Ke7 29. Nf1 Ra8 30. Bc4 Be6 31. Bxe6 Kxe6 32.
Nd2 Be3 33. g3 Rac8 34. Nb3 a4 35. Na5 Rc5 36. Nb7 Rb5 37. Re1 Bd4 38. b3 a3 39.
Rbc1 Rxc1 40. Rxc1 Rxb7 41. Rc4 Rd7 42. Rxb4 d2 43.
Kh2 d1=Q 44. Ra4 Qe2+ 45. Kh3 Qg4+ 0-1

[Event "Live Chess"]
[Site "Chess.com"]
[Date "2023.05.21"]
[Round "-"]
[White "WelshTiger"]
[Black "Biranidun"]
[Result "1-0"]
[WhiteElo "2364"]
[BlackElo "2569"]
[TimeControl "300"]
[EndTime "18:00:41 PDT"]
[Termination "WelshTiger won by resignation"]

1. e4 c5 2. Nf3 d6 3. c3 Nf6 4. h3 g6 5. Bd3 Bg7 6. Bc2 Nc6 7. d4 cxd4 8. cxd4 O-O 9. O-O d5 10. e5 Ne4 11. Nbd2 Nxd2 12. Bxd2 Nb4 13. Bxb4 1-0

[Event "Live Chess"]
[Site "Chess.com"]
[Date "2023.05.21"]
[Round "-"]
[White "laminaaprod"]
[Black "SupremeTactician"]
[Result "1-0"]
[WhiteElo "2260"]
[BlackElo "2307"]
[TimeControl "300"]
[EndTime "18:01:03 PDT"]
[Termination "laminaaprod won by resignation"]

1. d4 f5 2. e4 d6 3. exf5 Bxf5 4.
Bd3 Bxd3 5. Qxd3 g6 6. Nf3 Bg7 7.
O-O Nf6 8. c4 Qd7 9. d5 c6 10.
Ng5 O-O 11. Ne6 Rf7 12. Nc3 cxd5 13. cxd5 Na6 14. Re1 Nc5 15. Nxc5 dxc5 16. Bg5 Rd8 17. Rad1 b6 18. h3 Qd6 19. Bh4 Kh8 20. Bg3 Qd7 21. Be5 Ne8 22. Bxg7+ Nxg7 23. Ne4 Rf5 24. Nc3 Rdf8 25. Re2 Nh5 26. Ne4 Nf4 27. Qc3+ Kg8 28. Red2 Nxd5 29. Qc4 e6 30. Ng3 Rg5 31. Re1 Rf4 32.
Rxd5 exd5 33. Qxf4 h6 34. h4 Rg4 35. Qxh6 Qf7 36.
h5 gxh5 37. Nxh5 Rg6 38. Qf4 Qxf4 39. Nxf4 Rd6 40. Rd1 d4 41. Kf1 Kf7 42. Ke2 Kf6 43.
Kd3 Kf5 44. g3 b5 45. b3 Rc6 46. Rc1 Ke5 47. Ne2 Kd5 48. Nxd4 c4+ 49. bxc4+ bxc4+ 50. Kc3 Ra6 51. Rc2 Ra3+ 52. Kb4 Rf3 53.
Nxf3 1-0

[Event "Live Chess"]
[Site "Chess.com"]
[Date "2023.05.21"]
[Round "-"]
[White "Pablo_dmp"]
[Black "KeithArkell"]
[Result "0-1"]
[WhiteElo "1862"]
[BlackElo "2605"]
[TimeControl "300"]
[EndTime "18:01:41 PDT"]
[Termination "KeithArkell won by resignation"]

1. e4 c6 2. d4 d5 3. e5 c5 4. dxc5 Nc6 5. f4 e6 6. Be3 d4 7. Bf2 Bxc5 8. Nd2 Nge7 9. a3 Nd5 10. Ne4 Be7 11. Qf3 O-O 12. Bd3 b6 13. Ne2 Ne3 14.
Bxe3 dxe3 15. Qxe3 Bb7 16. Qh3 g6 17. O-O Nd4 18.
Nxd4 Qxd4+ 19. Nf2 Qxf4 20. Qg3 Qxg3 21. hxg3 Bc5 22.
Kh2 Bd4 23. c3 Bxe5 24. Ng4 Bg7 25. Rad1 Rfd8 26. Bc2 h5 27. Ne3 Be5 28. Kh3 Kg7 29. Rxd8 Rxd8 30. Rd1 Rxd1 31. Bxd1 g5 32. Bxh5 f5 33. Nc4 g4+ 34. Kh2 Bc7 35. Be8 a6 36. Bd7 Kf6 37. b4 b5 38. Nb2 Ke7 39. Bxb5 axb5 40. a4 Be5 41. Nd1 bxa4 42. c4 a3 0-1

[Event "Live Chess"]
[Site "Chess.com"]
[Date "2023.05.21"]
[Round "-"]
[White "peter-785"]
[Black "romchyk1219"]
[Result "1-0"]
[WhiteElo "1208"]
[BlackElo "633"]
[TimeControl "300"]
[EndTime "18:01:42 PDT"]
[Termination "peter-785 won by resignation"]

1. e4 d6 2. Nf3 Nf6 3. Nc3 g6 4. Bc4 Bg7 5. d4 O-O 6. O-O Nc6 7. Be3 Ng4 8. d5 Nce5 9. Nxe5 Nxe3 10. fxe3 Bxe5 11.
Be2 e6 12. Bg4 exd5 13. exd5 Bxg4 14. Qxg4 Qc8 15. Qg5 Qd8 16. Qg4 f5 17. Qh3 Bxc3 18.
bxc3 Qf6 19. e4 fxe4 20. Rxf6 Rxf6 21. Rf1 Rxf1+ 22. Kxf1 Rf8+ 23. Ke2 Re8 24. Qe3 c6 25. dxc6 bxc6 26. Qxa7 Kf8 27. Qc7 Re7 28. Qxd6 Kf7 29. Qxc6 Re6 30. Qd5 Kf6 31. Qd4+ Re5 32. c4 Kf5 33. Qd7+ Kf4 34. Qf7+ Kg4 35. Qxh7 Re6 36. Qh3+ Kf4 37. Qxe6 e3 38. Qxe3+ Kf5 39. c5 Kf6 40. c6 Kg7 41. c7 g5 42. Qxg5+ Kf7 43. Qd8 Ke6 44.
c8=Q+ Ke5 45. Qc3+ Kf4 46. Qdd2+ Kf5 47. Qce3 Kg4 48.
Qdd4+ Kf5 49. Qee5+ Kg6 50. Qdf4 Kh7 51. Qeg5 Kh8 1-0

[Event "Live Chess"]
[Site "Chess.com"]
[Date "2023.05.21"]
[Round "-"]
[White "jimwad"]
[Black "Fazer180"]
[Result "0-1"]
[WhiteElo "1252"]
[BlackElo "1745"]
[TimeControl "300"]
[EndTime "18:01:54 PDT"]
[Termination "Fazer180 won by resignation"]

1. d4 e6 2. e4 d5 3. e5 c5 4. c3 Nc6 5. Nf3 Qb6 6. Qb3 cxd4 7.
Qxb6 axb6 8. cxd4 Nge7 9. a3 Nf5 10. Be3 Bd7 11. Bb5 Be7 12. O-O O-O 13. Rd1 Rfd8 14. Nc3 Na5 15. b4 Bxb5 16. Nxb5 Nc4 17. Bc1 Bxb4 18.
Bg5 Be7 19. Bxe7 Nxe7 20. a4 Ra5 21. Rdb1 Rda8 22. Nc7 Rc8 23. Nb5 Nc6 24. h3 Raa8 25.
Nd6 Nxd6 26. exd6 Ra6 27. Ne5 Rd8 28. Nxc6 bxc6 29. a5 bxa5 30. Rb7 g6 31. d7 a4 32. Ra3 Raa8 33. Rc7 Kf8 34. Rxc6 Rxd7 35. Rcc3 Rb7 36. Rd3 Rb4 37. f4 Rab8 38. Kf2 Rb3 39. Ke3 Rxd3+ 40. Kxd3 Ra8 41. Kc3 Ke7 42. Kb4 Kf6 43. Rxa4 Rxa4+ 44. Kxa4 Kf5 45. g3 Ke4 46. Kb4 Kxd4 47. Kb3 Ke3 48. Kc3 d4+ 49. Kc2 Ke2 0-1

[Event "Live Chess"]
[Site "Chess.com"]
[Date "2023.05.21"]
[Round "-"]
[White "gmnorfolk"]
[Black "ThatGuyNamedJeff"]
[Result "1-0"]
[WhiteElo "2127"]
[BlackElo "1571"]
[TimeControl "300"]
[EndTime "18:02:03 PDT"]
[Termination "gmnorfolk won by resignation"]

1. d4 Nf6 2. c4 g6 3. Nc3 d5 4.
cxd5 Nxd5 5. e4 Nxc3 6. bxc3 Bg7 7. Be3 O-O 8. Rc1 c5 9. Qd2 Qa5 10. Be2 cxd4 11. cxd4 Qxd2+ 12. Kxd2 f5 13. e5 Nc6 14.
Bc4+ Kh8 15. f4 Rd8 16. Nf3 h6 17. Ke2 g5 18. fxg5 hxg5 19. Nxg5 Nxd4+ 20. Kf2 Rd7 21. e6 Rc7 22. Rhd1 Nc6 23. Bf4 Be5 24. Nf7+ 1-0

[Event "Live Chess"]
[Site "Chess.com"]
[Date "2023.05.21"]
[Round "-"]
[White "alanmike75"]
[Black "wot-not"]
[Result "1-0"]
[WhiteElo "1574"]
[BlackElo "1534"]
[TimeControl "300"]
[EndTime "18:02:21 PDT"]
[Termination "alanmike75 won by resignation"]

1. e4 e5 2. Nf3 d6 3. d4 f5 4.
dxe5 fxe4 5. Ng5 d5 6. e6 Nh6 7. Nc3 Bb4 8. Qh5+ Ke7 9. Nxe4 dxe4 10. Bg5+ Kxe6 11. Bxd8 Rxd8 12. Bc4+ Ke7 13. Qg5+ Kd6 14. Qxd8+ 1-0

[Event "Live Chess"]
[Site "Chess.com"]
[Date "2023.05.21"]
[Round "-"]
[White "Tilbs_12"]
[Black "CeladonFish"]
[Result "1-0"]
[WhiteElo "1556"]
[BlackElo "1077"]
[TimeControl "300"]
[EndTime "18:02:24 PDT"]
[Termination "Tilbs_12 won - game abandoned"]

1. e4 d6 2. d4 Nf6 3. Nc3 g6 4. f4 Bg7 5. Nf3 O-O 6. Be3 c5 7. e5 dxe5 8. dxe5 Qxd1+ 9. Rxd1 Ng4 10. Bxc5 b6 11. Bxe7 Re8 12. Ba3 Bf5 13. Bd3 Bxd3 14. cxd3 Nc6 15. h3 Nh6 16. O-O Rad8 17. d4 f6 18. Nb5 fxe5 19. fxe5 Nf5 20. Rfe1 a6 21.
Nd6 Bf8 22. Nxe8 Bxa3 23. bxa3 Rxe8 24. d5 Na5 25. d6 Nb7 26. g4 Ng7 27. e6 Nxe6 28.
d7 Re7 29. Rxe6 Rxe6 30. d8=Q+ Kg7 31. Qc7+ Kh6 32. Qxb7 b5 33. Kf2 a5 34. Rd7 1-0

[Event "Live Chess"]
[Site "Chess.com"]
[Date "2023.05.21"]
[Round "-"]
[White "Conradical12"]
[Black "manthanit"]
[Result "1-0"]
[WhiteElo "1638"]
[BlackElo "1046"]
[TimeControl "300"]
[EndTime "18:02:57 PDT"]
[Termination "Conradical12 won by resignation"]

1. e4 d5 2. exd5 Qxd5 3. Nc3 Qd8 4. Nf3 Nf6 5. Bc4 Nc6 6. d4 e6 7.
O-O Bd6 8. Bd3 Bd7 9. Re1 O-O 10. a3 Ne7 11. Bg5 Ng6 12. Ne4 Nxe4 13. Bxd8 Raxd8 14. Bxe4 c6 15. Bxg6 fxg6 16. Ne5 Bxe5 17. Rxe5 Bc8 18. Qe2 Rxd4 19. Re1 Re8 20. c3 Rd5 21. Rxd5 cxd5 22. Qb5 Re7 23. Qc5 Bd7 24. Qxe7 1-0